 Dungeon Crawl Stone Soup version 0.31-a0-232-gb1c03b2570 (webtiles) character file.

Game seed: 5998505457297235073

105 qw the Shooter (level 4, -5/36 HPs)
             Began as a Minotaur Hexslinger on July 7, 2023.
             Slain by a gnoll
             ... wielding a +0 club
              (7 damage)
             ... on level 3 of the Dungeon.
             The game lasted 00:00:39 (1543 turns).

qw the Shooter (Minotaur Hexslinger)                Turns: 1543, Time: 00:00:40

Health: -5/36      AC:  6    Str: 13    XL:     4   Next: 53%
Magic:  4/4        EV: 11    Int: 10    God:
Gold:   143        SH:  0    Dex: 14    Spells: 4/5 levels left

rFire   . . .        Y - +2 sling
rCold   . . .        (no shield)
rNeg    . . .        d - +0 ring mail
rPois   .            (helmet restricted)
rElec   .            h - +0 cloak
rCorr   .            (no gloves)
SInv    .            (no boots)
Will    .....        a - amulet of regeneration
Stlth   +            (no ring)
HPRegen 1.06/turn    (no ring)
MPRegen 0.09/turn

%: no passive effects
@: no status effects
A: horns 2, retaliatory headbutt
a: no special abilities


You were on level 3 of the Dungeon.
You visited 1 branch of the dungeon, and saw 3 of its levels.

You collected 143 gold pieces.


Innate Abilities, Weirdness & Mutations

You have a pair of horns on your head.
You reflexively headbutt those who attack you in melee.


   Skills:
 - Level 2.0 Fighting
 + Level 4.9 Ranged Weapons
 - Level 1.1 Armour
 - Level 2.1 Dodging
 - Level 1.0 Spellcasting
 - Level 2.0 Hexes


You had 4 spell levels left.
You knew the following spells:

 Your Spells              Type           Power      Damage    Failure   Level
a - Slow                  Hex            16%        N/A       32%         1

Your spell library contained the following spells:

 Spells                   Type           Power      Damage    Failure   Level
 Inner Flame              Hex/Fire       2%         N/A       82%         3
 Portal Projectile        Hex/Tloc       4%         N/A       82%         3
 Cause Fear               Hex            2%         N/A       97%         4

Inventory:

Hand Weapons
 Y - a +2 sling (weapon)
Armour
 d - a +0 ring mail (worn)
 h - a +0 cloak (worn)
Jewellery
 a - an amulet of regeneration (around neck)
 c - a ring of poison resistance
Potions
 b - a potion of curing
 e - a potion of lignification {unknown}
 i - a potion of ambrosia {unknown}

Dungeon Overview and Level Annotations

Branches:
Dungeon (3/15)

Altars:

Shops:
D:3 (


Message History

The gnoll is almost dead.
The gnoll completely misses you. You furiously retaliate!
You headbutt the gnoll. The gnoll misses you.
You shoot a sling bullet.
The sling bullet closely misses the gnoll.
The gnoll barely misses you. The gnoll hits you with a +0 flail!
You shoot a sling bullet.
The sling bullet hits the gnoll but does no damage.
The gnoll is almost dead.
The gnoll hits you with a +0 club. The gnoll closely misses you.
You furiously retaliate!
You headbutt the gnoll. You shoot a sling bullet.
The sling bullet barely misses the gnoll.
The gnoll closely misses you. The gnoll hits you with a +0 flail.
You shoot a sling bullet.
The sling bullet hits the gnoll but does no damage.
The gnoll is almost dead.
The gnoll barely misses you. The gnoll hits you with a +0 flail!
The gnoll barely misses you. The gnoll hits you but does no damage.
You shoot a sling bullet. The sling bullet hits the gnoll.
You kill the gnoll!
You shoot a sling bullet.
The sling bullet closely misses the gnoll.
The gnoll hits you with a +0 club. The gnoll barely misses you.
You furiously retaliate!
You headbutt the gnoll. You shoot a sling bullet.
The sling bullet hits the gnoll but does no damage.
The gnoll is moderately wounded.
The gnoll hits you with a +0 club. The gnoll hits you with a +0 flail.
The gnoll completely misses you. The gnoll hits you with a +0 flail.
You shoot a sling bullet. The sling bullet hits the gnoll.
The gnoll is severely wounded.
The gnoll closely misses you. The gnoll hits you with a +0 flail!
You shoot a sling bullet.
The sling bullet barely misses the gnoll.
The gnoll hits you with a +0 club. The gnoll hits you but does no damage.
You shoot a sling bullet.
The sling bullet barely misses the gnoll.
The gnoll hits you with a +0 club!
You die...

# #.........# #
#..<......# ....
... #
#.........# ...
... #
#.........# ...
.. # #.#....####
#.... # #.#....#
##.#. .###
........ ...
..... ##.####.##
#g#...##.
+#######@g......
........##...##.
........# ......
........##..##..
+#######....# .
#.)#......
#####.#######.
+............
####.########


You could see 2 gnolls.

Vanquished Creatures
  5 gnolls
  An adder (D:2)
  2 worms (D:2)
  2 dart slugs
  5 endoplasms
  5 giant cockroaches
  2 goblins (D:2)
  4 hobgoblins
  2 kobolds
  4 ball pythons
  A bat (D:1)
  3 frilled lizards
  3 rats
39 creatures vanquished.

Notes
Turn   | Place    | Note
-------+----------+-------------------------------------------
     0 | D:1      | qw the Minotaur Hexslinger began the quest for the Orb.
     0 | D:1      | Reached XP level 1. HP: 16/16 MP: 1/1
     0 | D:1      | 0 ||| qw: Version: 0.3-a-46-gb1f654a
     0 | D:1      | 0 ||| qw: Game counter: 2915
     0 | D:1      | 0 ||| qw: Melee chars always use a shield: true
     0 | D:1      | 0 ||| qw: God list: Okawaru
     0 | D:1      | 0 ||| qw: Allow faded altars: false
     0 | D:1      | 0 ||| qw: Do Orc after clearing Dungeon:15 true
     0 | D:1      | 0 ||| qw: Do second Lair branch before Depths: true
     0 | D:1      | 0 ||| qw: Lair rune preference: random
     0 | D:1      | 0 ||| qw: Goals: Normal
     0 | D:1      | 0 ||| PLANNING D:1-11
   167 | D:1      | Reached skill level 3 in Ranged Weapons
   167 | D:1      | Reached XP level 2. HP: 23/23 MP: 2/2
   552 | D:1      | 552 ||| UPGRADING to +0 ring mail.
   562 | D:1      | 562 ||| DROPPING +0 robe.
   563 | D:1      | 563 ||| UPGRADING to +0 cloak.
   568 | D:1      | 568 ||| READING scroll labelled WODOXOCIUF.
   569 | D:1      | 569 ||| READING scroll labelled SUUTYZA VONUB.
   570 | D:1      | 570 ||| DRINKING 2 red potions.
   571 | D:1      | 571 ||| DROPPING scroll of poison.
   572 | D:1      | 572 ||| DROPPING potion of attraction.
   790 | D:2      | Reached XP level 3. HP: 29/29 MP: 3/3
   830 | D:2      | Reached skill level 4 in Ranged Weapons
   833 | D:2      | Reached skill level 1 in Armour
   935 | D:2      | Reached XP level 4. HP: 34/36 MP: 4/4
  1306 | D:2      | 1306 ||| UPGRADING to amulet of regeneration.
  1311 | D:2      | 1311 ||| READING scroll labelled LAKUIDW ERYE.
  1312 | D:2      | 1312 ||| READING scroll labelled DUUDUT QOPLI.
  1313 | D:2      | 1313 ||| READING scroll labelled GUIXZI ZALA.
  1314 | D:2      | 1314 ||| READING scroll labelled OLUIS JADIANK.
  1330 | D:2      | 1330 ||| READING scroll labelled YNOEFA MUENGIU.
  1331 | D:2      | 1331 ||| DRINKING 2 glowing silvery potions.
  1354 | D:3      | Found Laywum's Weapon Emporium.
  1541 | D:3      | HP: 4/36 [gnoll/+0 flail (10)]
  1542 | D:3      | HP: 1/36 [gnoll/+0 club (4)]
  1543 | D:3      | Slain by a gnoll

Levels and vault maps discovered:
D:1:      scummos_arrival_simple_fountains, layout_basic, minmay_misc_feat_cross
D:2:      layout_loops_cross
D:3:      layout_basic, serial_shops, shop, feat_on_display

Skill      XL: |  1  2  3 |
---------------+----------+-----
Ranged Weapons | 3 4 |  4.9
Fighting       | 2 |  2.0
Armour         | 1 |  1.1
Dodging        | |  2.1
Spellcasting   | |  1.0
Hexes          | |  2.0

Action                     |  1- 3 |  4- 6 || total
---------------------------+-------+-------++-------
   Fire: Sling             |    88 |    55 ||   143
    Use: Scroll            |     2 |     5 ||     7
         Potion            |     1 |     1 ||     2
 Armour: Robe              |     3 |       ||     3
         Ring mail         |     7 |     4 ||    11
  Dodge: Dodged            |    21 |    16 ||    37

Table legend:
 A = Non-vault XP
 B = Vault XP
 C = Vault XP percentage of total XP
 D = Non-vault monster count
 E = Vault monster count
 F = Vault count percentage of total count
                 A         B        C        D         E       F
            +---------+---------+-------+---------+---------+-------
      Total |     150 |       0 |   0.0 |      39 |       0 |   0.0
            +---------+---------+-------+---------+---------+-------
        D:1 |      18 |       0 |   0.0 |      11 |       0 |   0.0
        D:2 |      89 |       0 |   0.0 |      19 |       0 |   0.0
        D:3 |      43 |       0 |   0.0 |       9 |       0 |   0.0
            +---------+---------+-------+---------+---------+-------
